 Dungeon Crawl Stone Soup version 0.19.1 (webtiles) character file.

947 PossumBlood the Fighter (level 7, -17/62 HPs)
             Began as a Minotaur Fighter on Nov 15, 2016.
             Was a Follower of Okawaru.
             Demolished by an orc warrior
             ... wielding a +0 glaive
              (20 damage)
             ... on level 6 of the Dungeon on Dec 15, 2016.
             The game lasted 00:10:17 (3615 turns).

PossumBlood the Fighter (Minotaur Fighter)          Turns: 3615, Time: 00:10:17

Health: -17/62     AC: 15    Str: 27    XL:     7   Next: 89%
Magic:  6/6        EV:  5    Int:  5    God:    Okawaru [*.....]
Gold:   379        SH: 12    Dex:  9    Spells: 0 memorised, 6 levels left

rFire  . . .     SeeInvis .     m - +1 broad axe of Extinguishment {venom, Str+4}
rCold  . . .     Gourm    .     n - +2 plate armour
rNeg   + . .     Faith    .     c - +0 shield
rPois  .         Spirit   .     (helmet restricted)
rElec  .         Reflect  +     (no cloak)
rCorr  .         Harm     .     s - +0 pair of gloves
MR     .....     Clarity  +     (no boots)
Stlth  ..........               p - +2 amulet of reflection
                                r - ring of positive energy
                                g - +1 ring of protection

@: no status effects
A: retaliatory headbutt, hooves 1, horns 2, clarity, frail 1
a: Heroism, Renounce Religion


You were on level 6 of the Dungeon.
You worshipped Okawaru.
Okawaru was aware of your devotion.
You were not hungry.

You visited 2 branches of the dungeon, and saw 7 of its levels.

You collected 379 gold pieces.

Inventory:

Hand Weapons
 a - a +3 war axe
 m - the +1 broad axe of Extinguishment (weapon) {venom, Str+4}
   (You found it on level 5 of the Dungeon)

   It poisons the flesh of those it strikes.
   It affects your strength (+4).
Missiles
 t - 2 tomahawks (quivered)
Armour
 c - a +0 shield (worn)
 n - a +2 plate armour (worn)
 s - a +0 pair of gloves (worn)
Jewellery
 b - an uncursed ring of stealth
 g - a +1 ring of protection (left hand)
 i - an uncursed ring of stealth
 o - an uncursed ring of positive energy
 p - a +2 amulet of reflection (around neck)
 r - a ring of positive energy (right hand)
Scrolls
 h - 4 scrolls of identify
 j - 3 scrolls of remove curse
Potions
 e - a potion of magic
 k - 2 potions of haste
 l - a potion of brilliance
 q - a potion of lignification
Comestibles
 f - a bread ration


   Skills:
 + Level 8.5 Fighting
 + Level 8.0 Axes
 - Level 3.6 Armour
 - Level 3.6 Shields


You had 6 spell levels left.
You didn't know any spells.

Dungeon Overview and Level Annotations

Branches:
Dungeon (6/15)             Temple (1/1) D:5

Altars:
Ashenzari
Cheibriados
Dithmenos
Elyvilon
Fedhas
Gozag
Hepliaklqana
Kikubaaqudgha
Makhleb
Nemelex Xobeh
Okawaru
Qazlal
Ru
Sif Muna
Trog
Uskayaw
Vehumet
Xom
Yredelemnul
Zin
The Shining One


Innate Abilities, Weirdness & Mutations

You reflexively headbutt those who attack you in melee.
You have a pair of horns on your head.
You have large cloven feet.
You possess an exceptional clarity of mind.
You are frail. (-10% HP)


Message History

Beogh smites you!
You slash the orc priest!
You kill the orc priest!
Okawaru accepts your kill.
Your Axes skill increases to level 8!
You hit the orc but do no damage.
The orc is poisoned.
The orc warrior hits you but does no damage.
The orc hits you but does no damage. You block the orc's attack.
You slash the orc!
You kill the orc!
Okawaru accepts your kill.
You hit the orc.
The orc looks as sick as possible!
The orc warrior hits you from afar with a glaive!
* * * LOW HITPOINT WARNING * * *
You block the orc's attack.
The orc hits you from afar with a trident.
* * * LOW HITPOINT WARNING * * *
Okay, then.
The orc warrior hits you with a glaive!!
You die...

....#.....#.###.........
#.........#.##..........
.....#....#.##.#........
...>.#....#.##.#........
.....#....#.##..........
.....######....#........
##....###......#))......
...#............o)......
.#..........####@)......
...##.....#.# #oo......
..###..)..#.# #....?...
..# ##.#.##.# ##?......
..# #...##.# #.....# ..#
#.#....# ###### ###
########


You could see an orc warrior and 2 orcs.

Vanquished Creatures
  The ghost of kaze the Vexing, an amateur KoAM (D:3)
  Menkaure (D:5)
  A centaur (D:5)
  A scorpion (D:5)
  A bullfrog zombie (D:6)
  A crimson imp (D:5)
  A jelly (D:5)
  A hound (D:5)
  An orc priest (D:6)
  A bullfrog skeleton (D:5)
  An iguana (D:5)
  3 orc wizards
  2 worker ants (D:4)
  3 gnolls (D:5)
  4 adders
  An ooze (D:5)
  2 adder zombies
  An adder skeleton (D:5)
  3 worms
  3 dart slugs
  4 leopard geckos
  13 orcs
  5 giant cockroaches
  9 hobgoblins
  8 jackals
  10 kobolds
  3 quokkas
  A ball python (D:3)
  5 bats
  15 goblins
  7 rats
113 creatures vanquished.

Vanquished Creatures (others)
  A human (D:3)
1 creature vanquished.

Grand Total: 114 creatures vanquished

Notes
Turn   | Place    | Note
-------+----------+-------------------------------------------
     0 | D:1      | PossumBlood the Minotaur Fighter began the quest for the Orb.
     0 | D:1      | Reached XP level 1. HP: 19/19 MP: 0/0
   106 | D:1      | Reached XP level 2. HP: 27/27 MP: 1/1
   810 | D:2      | Reached XP level 3. HP: 34/34 MP: 2/2
  1030 | D:2      | Reached skill level 5 in Fighting
  1030 | D:2      | Reached XP level 4. HP: 28/42 MP: 3/3
  1696 | D:3      | Reached XP level 5. HP: 44/50 MP: 4/4
  1816 | D:3      | Noticed kaze's ghost (amateur KoAM)
  1832 | D:3      | Killed kaze's ghost
  1832 | D:3      | Reached skill level 5 in Axes
  1832 | D:3      | Reached XP level 6. HP: 36/58 MP: 5/5
  2008 | D:3      | Found an ancient bone altar of Kikubaaqudgha.
  2008 | D:3      | Noticed a human
  2012 | D:3      | Killed a human
  2218 | D:3      | Gained mutation: You possess an exceptional clarity of mind. [potion of mutation]
  2218 | D:3      | Gained mutation: You are frail. (-10% HP) [potion of mutation]
  2218 | D:3      | Gained mutation: You have large cloven feet. [potion of mutation]
  2519 | D:4      | Upgraded the game from 0.19.0-19-g8c6edcc to 0.19.1
  2537 | D:5      | Entered Level 5 of the Dungeon
  2549 | D:5      | Got a twisted broad axe
  2550 | D:5      | Identified the cursed +1 broad axe of Extinguishment {venom, Str+4} (You found it on level 5 of the Dungeon)
  2590 | D:5      | Reached XP level 7. HP: 55/59 MP: 6/6
  2639 | D:5      | Found a staircase to the Ecumenical Temple.
  2667 | Temple   | Entered the Ecumenical Temple
  2689 | Temple   | Became a worshipper of Warmaster Okawaru
  3049 | D:5      | Noticed Menkaure
  3055 | D:5      | Killed Menkaure
  3535 | D:6      | Reached * piety under Okawaru
  3614 | D:6      | HP: 3/62 [orc/trident (3)]
  3615 | D:6      | Demolished by an orc warrior

Skill      XL: |  1  2  3  4  5  6  7 |
---------------+----------------------+-----
Fighting       | 4 5 6 7 8 |  8.5
Axes           | 3 4 5 6 8 |  8.0
Armour         | |  3.6
Shields        | |  3.6

Action                   |  1- 3 |  4- 6 |  7- 9 || total
-------------------------+-------+-------+-------++-------
Melee: War axe           |    92 |   100 |       ||   192
       Headbutt          |    13 |    15 |     5 ||    33
       Broad axe         |       |     9 |    53 ||    62
       Kick              |       |     9 |    21 ||    30
  Use: Scroll            |     3 |     9 |     3 ||    15
       Potion            |       |     3 |     3 ||     6
  Eat: Bread ration      |       |     1 |     1 ||     2
       Pizza             |       |     1 |       ||     1
       Fruit             |       |       |     1 ||     1
       Beef jerky        |       |       |     1 ||     1
Armor: Scale mail        |    40 |       |       ||    40
       Plate armour      |       |    75 |    31 ||   106
Dodge: Dodged            |    33 |    13 |     9 ||    55
Block: Shield            |    53 |    67 |    34 ||   154
